 Dungeon Crawl Stone Soup version 0.26-a0-812-g31a745ddcd (webtiles) character file.

Game seed: 4462979317962938315

14142 Lanoc the Devastator (level 12, -3/88 HPs)
             Began as a Naga Conjurer on Nov 22, 2020.
             Was an Elder of Vehumet.
             Slain by a yak (12 damage)
             ... on level 12 of the Dungeon.
             The game lasted 00:24:35 (10905 turns).

Lanoc the Devastator (Naga Conjurer)               Turns: 10905, Time: 00:24:35

Health: -3/88      AC: 10    Str:  9    XL:     12   Next: 13%
Magic:  13/15      EV: 14    Int: 24    God:    Vehumet [****..]
Gold:   383        SH:  0    Dex: 10    Spells: 1/15 levels left

rFire    + . .     SeeInvis +   I - +7 double sword
rCold    . . .     Faith    .   (no shield)
rNeg     . . .     Spirit   .   o - +2 robe
rPois    +         Reflect  .   (no helmet)
rElec    .         Harm     .   (no cloak)
rCorr    +         Rampage  .   x - +2 pair of gloves
MR       +....                  (no barding)
Stlth    ++........             g - amulet of magic regeneration
HPRegen  0.24/turn              v - ring of protection from fire
MPRegen  0.39/turn              l - ring of resist corrosion

@: attractive, hasted, quick
A: large, see invisible, deformed body, poison resistance, slowness 2, spit
poison 1, AC +4
a: Spit Poison, Renounce Religion


You were on level 12 of the Dungeon.
You worshipped Vehumet.
Vehumet was greatly pleased with you.
You visited 2 branches of the dungeon, and saw 13 of its levels.

You collected 510 gold pieces.
You spent 127 gold pieces at shops.

Inventory:

Hand Weapons
 I - a +7 double sword (weapon)
Armour
 c - a +0 buckler
 o - a +2 robe (worn)
 x - a +2 pair of gloves (worn)
Jewellery
 b - an uncursed ring of positive energy
 g - an amulet of magic regeneration (around neck)
 l - a ring of resist corrosion (right hand)
 v - a ring of protection from fire (left hand)
Wands
 p - a wand of random effects (28)
 r - a wand of acid (13)
 u - a wand of flame (18)
 C - a wand of polymorph (14)
 E - a wand of iceblast (9)
 F - a wand of paralysis (11)
 H - a wand of enslavement (8)
Scrolls
 d - 3 scrolls of enchant weapon
 f - 7 scrolls of remove curse
 h - 2 scrolls of amnesia
 i - 3 scrolls of fear
 n - 2 scrolls of teleportation
 t - 3 scrolls of fog
 y - a scroll of blinking
 A - a scroll of immolation
 D - 2 scrolls of enchant armour
Potions
 e - 2 potions of magic
 j - 4 potions of curing
 k - 2 potions of resistance
 m - 2 potions of invisibility
 s - 6 potions of flight
 w - 3 potions of haste
 B - a potion of might


   Skills:
 + Level 9.6 Dodging
 - Level 3.0 Stealth
 - Level 2.0 Spellcasting
 * Level 15.4 Conjurations


You had one spell level left.
You knew the following spells:

 Your Spells              Type           Power        Failure   Level
a - Magic Dart            Conj           ####         0%          1
b - Searing Ray           Conj           ######       1%          2
c - Iskenderun's Mystic   Conj/Tloc      #####...     1%          4
d - Orb of Destruction    Conj           ######....   5%          7

Your spell library contained the following spells:

 Spells                   Type           Power        Failure   Level
 Ignite Poison            Fire/Tmut/Pois #.......     10%         3
 Conjure Flame            Conj/Fire      #####...     1%          3
 Dazzling Flash           Conj/Hex       #####.       1%          3
 Mephitic Cloud           Conj/Pois/Air  ####....     1%          3
 Fulminant Prism          Conj/Hex       #####.....   1%          4
 Iskenderun's Battlesphe  Conj           ######..     1%          5
 Bolt of Magma            Conj/Fire/Erth ####......   11%         5
 Blink                    Tloc           N/A          19%         2
 Call Imp                 Summ           #.......     19%         2
 Slow                     Hex            #.......     19%         2
 Iron Shot                Conj/Erth      #####.....   21%         6
 Spellforged Servitor     Conj/Summ      #####.....   69%         7


Dungeon Overview and Level Annotations

Branches:
Dungeon (12/15)            Temple (1/1) D:4            Lair (0/6) D:10
    Orc (0/2) D:12

Altars:
Ashenzari
Dithmenos
Gozag
Kikubaaqudgha
Makhleb
Nemelex Xobeh
Trog
Vehumet
Yredelemnul
The Shining One

Shops:
D:5 =   D:6 ?   D:8 (

Annotations:
D:6 2 transporters, 1 runed translucent door, End1zNear's ghost, novice DDFi


Innate Abilities, Weirdness & Mutations

You cannot wear boots.
Your serpentine skin is tough. (AC +4)
You have supernaturally acute eyesight. (SInv)
Armour fits poorly on your strangely shaped body.
Your system is resistant to poisons. (rPois)
You cover ground very slowly.
You can spit poison.


Message History

The yak gores you!
* * * LOW HITPOINT WARNING * * *
You feel yourself speed up.
The yak bellows!
The yak gores you.
* * * LOW HITPOINT WARNING * * *
The yak closely misses you.
You riposte.
You hit the yak.
The yak is lightly wounded.
You hear the faint creaking of a portcullis.
It was a potion of attraction.
You feel attractive to monsters. The yak is pulled toward you! x3
The yak is pulled toward you! x2; The yak barely misses you. x2
The yak is pulled toward you! x2; The yak gores you but does no damage.
The yak is pulled toward you! x3; The yak barely misses you.
The yak gores you but does no damage.
The yak is pulled toward you! x3; The yak gores you.
* * * LOW HITPOINT WARNING * * *
The yak gores you!
You die...

,,,**+*,≈*,,,#≈.# *,,,,,,,,,**
,,,,,,,,≈,,∩,#≈.# *,,,,,,,,,*
,,,,,,,.≈*,,,#≈.# **,,,,,,,,*
,,,,,,,.≈#####≈.## *,,,,,,,,**
******,.≈≈≈≈≈≈≈..### *,,,,,,,,,,
*,............####.,,,,,,,,,
*,........YYY......,,,,,,,,,
*,,###+#..YY.......,,,,*****
*****,,*,,,#...@#####..,,,,+,,,,
*,,,,,,*,,,#....#,,,******,*,,,,
**,,,,,,*,,,####.#,,,,,,,,*,*,,,,
,,,,,,,,*,,,,,,#.#,,,,,,,,*,*,,,,
,*,,,,,,*,,,,,,#.#,,,,,,,,*,*,,,,
*****,***,,,,,,#.#,,,,,,,,*,*****
,* *,*,,,,,,,,#.#,,,,,,,,+,,,,,,
,* *,*,,,,,,,,#.#,,,,,,,,*,,,,,,
** *,*,,,,,,,,#.#,,,,,,,,*,,,,,,


You could see 5 yaks.

Vanquished Creatures
  Josephine (D:10)
  Harold (D:11)
  Erolcha (D:9)
  Erica (D:11)
  A two-headed ogre (D:8)
  Urug (D:11)
  Pikel (D:9)
  An orc knight (D:11)
  A cyclops (D:11)
  A manticore (D:11)
  Joseph (D:11)
  5 centaur skeletons
  5 wraiths (D:10)
  5 yaks
  2 wyverns
  Grum (D:11)
  A soldier ant (D:6)
  A water moccasin (D:8)
  3 orc warriors
  3 black bears
  3 ice beasts
  3 sky beasts
  4 ogres
  3 phantoms
  4 wolves (D:11)
  5 centaurs
  3 lemures (D:9)
  A gnoll sergeant (D:11)
  8 bullfrogs
  5 scorpions
  12 wights
  2 howler monkeys
  A centaur zombie (D:9)
  9 hounds
  2 quasits
  4 jellies
  An orc priest (D:7)
  2 bullfrog skeletons
  5 iguanas
  9 orc wizards
  9 worker ants
  A hound zombie (D:5)
  A hound skeleton (D:10)
  5 gnolls (D:11)
  25 adders
  A white imp (D:9)
  An ufetubus (D:10)
  6 adder skeletons
  A worm (D:2)
  5 leopard geckos
  26 orcs
  10 giant cockroaches
  10 goblins
  5 hobgoblins (D:3)
  5 quokkas
  A ball python (D:4)
  4 bats
  2 frilled lizards (D:4)
  2 jackal zombies
  3 kobolds (D:3)
  A quokka skeleton (D:4)
  5 rats
  2 butterflies (D:6)
254 creatures vanquished.

Notes
Turn   | Place    | Note
-------+----------+-------------------------------------------
     0 | D:1      | Lanoc the Naga Conjurer began the quest for the Orb.
     0 | D:1      | Reached XP level 1. HP: 15/15 MP: 3/3
    57 | D:2      | Reached XP level 2. HP: 22/22 MP: 1/5
    75 | D:2      | Reached XP level 3. HP: 6/28 MP: 0/6
    82 | D:2      | HP: 1/28 [goblin/stone (4)]
   440 | D:2      | Learned a level 2 spell: Searing Ray
   567 | D:3      | Reached skill level 5 in Conjurations
   567 | D:3      | Reached XP level 4. HP: 36/36 MP: 2/7
  1091 | D:3      | Reached XP level 5. HP: 42/42 MP: 4/8
  1321 | D:3      | Reached skill level 6 in Conjurations
  1631 | D:4      | Reached XP level 6. HP: 49/49 MP: 6/9
  1637 | D:4      | Learned a level 4 spell: Iskenderun's Mystic Blast
  1640 | D:4      | Found a sparkling altar of Nemelex Xobeh.
  1670 | D:4      | Noticed a phantom
  1688 | D:4      | Killed a phantom
  1766 | D:4      | Found a staircase to the Ecumenical Temple.
  1784 | Temple   | Entered the Ecumenical Temple
  1810 | Temple   | Became a worshipper of Vehumet
  1940 | D:4      | Reached skill level 7 in Conjurations
  2006 | D:4      | Reached XP level 7. HP: 49/55 MP: 7/10
  2532 | D:5      | Entered Level 5 of the Dungeon
  2888 | D:5      | Reached skill level 8 in Conjurations
  2895 | D:5      | Reached XP level 8. HP: 62/62 MP: 3/11
  3174 | D:5      | Found Joeheocs's Jewellery Shop.
  3335 | D:6      | Found an opulent altar of Gozag.
  3350 | D:6      | Reached skill level 9 in Conjurations
  3452 | D:6      | Reached skill level 5 in Dodging
  3542 | D:6      | Found a radiant altar of Vehumet.
  3700 | D:6      | Noticed End1zNear's ghost (novice DDFi)
  3702 | D:6      | Found a transporter.
  3846 | D:6      | Noticed a yak
  3850 | D:6      | Noticed a yak
  3851 | D:6      | Killed a yak
  3851 | D:6      | Reached skill level 10 in Conjurations
  3851 | D:6      | Reached XP level 9. HP: 53/68 MP: 8/12
  4199 | D:6      | Found a transporter.
  4244 | D:6      | Found Xuegas's Magic Scroll Boutique.
  4247 | D:6      | Bought a scroll of identify for 30 gold pieces
  4247 | D:6      | Bought a scroll of teleportation for 45 gold pieces
  4247 | D:6      | Bought a scroll of magic mapping for 52 gold pieces
  4321 | D:6      | Reached * piety under Vehumet
  4321 | D:6      | Offered knowledge of Shock by Vehumet.
  4326 | D:6      | Reached skill level 11 in Conjurations
  4481 | D:6      | Found a runed translucent door.
  4499 | D:6      | Found a runed translucent door.
  5224 | D:7      | Reached XP level 10. HP: 63/75 MP: 10/13
  5397 | D:7      | Reached skill level 12 in Conjurations
  5417 | D:7      | Offered knowledge of Sandblast by Vehumet.
  5553 | D:7      | Found a glowing golden altar of the Shining One.
  5555 | D:7      | Reached ** piety under Vehumet
  6146 | D:8      | Found Nasch's Antique Weapon Shop.
  6362 | D:8      | Offered knowledge of Stone Arrow by Vehumet.
  6455 | D:8      | Found a bloodstained altar of Trog.
  6455 | D:8      | Found a broken altar of Ashenzari.
  6637 | D:8      | Noticed a two-headed ogre
  6644 | D:8      | Killed a two-headed ogre
  6644 | D:8      | Reached skill level 13 in Conjurations
  6749 | D:8      | Noticed a five-headed hydra
  6749 | D:8      | Noticed a green ugly thing
  6768 | D:8      | Reached *** piety under Vehumet
  6987 | D:8      | Found an ancient bone altar of Kikubaaqudgha.
  6989 | D:8      | Found a shadowy altar of Dithmenos.
  7391 | D:9      | Noticed Pikel
  7406 | D:9      | Killed Pikel
  7406 | D:9      | Reached XP level 11. HP: 60/81 MP: 9/14
  7610 | D:9      | Noticed Erolcha
  7618 | D:9      | Killed Erolcha
  7741 | D:10     | Entered Level 10 of the Dungeon
  7836 | D:10     | Offered knowledge of Ignite Poison by Vehumet.
  8139 | D:10     | HP: 1/81 [wraith[Josephine] (15)]
  8478 | D:10     | Reached skill level 14 in Conjurations
  8852 | D:10     | Noticed Josephine
  8887 | D:10     | Killed Josephine
  9196 | D:10     | Found a staircase to the Lair.
  9372 | D:11     | Noticed Harold
  9374 | D:11     | Noticed Joseph
  9389 | D:11     | Killed Joseph
  9393 | D:11     | Noticed Erica
  9394 | D:11     | Killed Harold
  9395 | D:11     | Noticed Urug
  9396 | D:11     | Noticed an orc knight
  9776 | D:11     | Noticed a +8 double sword
  9826 | D:11     | Noticed a cyclops
  9844 | D:11     | Killed a cyclops
 10136 | D:11     | Learned a level 7 spell: Orb of Destruction
 10249 | D:11     | Killed an orc knight
 10295 | D:11     | Killed Erica
 10295 | D:11     | Reached skill level 15 in Conjurations
 10323 | D:11     | Killed Urug
 10417 | D:11     | Noticed a manticore
 10420 | D:11     | Killed a manticore
 10420 | D:11     | Reached XP level 12. HP: 72/88 MP: 7/15
 10644 | D:11     | Noticed Grum
 10647 | D:11     | Killed Grum
 10647 | D:11     | Reached **** piety under Vehumet
 10905 | D:12     | Slain by a yak

Illustrated notes

Levels and vault maps discovered:
D:1:      dpeg_arrival_refuge, layout_basic
D:2:      layout_basic
D:3:      kennysheep_the_goblin_king, layout_basic
D:4:      layout_loops_corners, nemelex_xobeh_ov_fountains_minmay,
          minmay_temple_entry_sparse_star, minmay_box_of_dots
D:5:      layout_cave_pools, serial_shops, shop, kennysheep_generic_room_3
D:6:      lemuel_insect_pit, layout_loops_ring, basic_altar,
          gammafunk_ghost_mausoleum, serial_shops, shop,
          minmay_misc_feat_nine_boxes, minmay_misc_feat_ornament, moated_statue,
          chequers_serial_rivers_micro_a, grunt_ministairs_13,
          nicolae_gozag_seed_capital
D:7:      layout_basic, nicolae_tso_carved_into_rock
D:8:      layout_gridville, gammafunk_temple_overflow_wave, minitemple,
          serial_shops, shop_statue, lightli_corner_chamber
D:9:      layout_rooms, uniq_erolcha, uniq_pikel
D:10:     layout_cross, lair_entry_dummy, uniq_josephine
D:11:     layout_irregular_city, sword_in_stone, uniq_grum
D:12:     layout_irregular_city, erik_orc_3, enter_bailey_3, uniq_kirke,
          uniq_fannar
Temple:   nicolae_temple_elliptical

Skill      XL: |  1  2  3  4  5  6  7  8  9 10 11 |
---------------+----------------------------------+-----
Dodging        | 2 3 4 5 6 8 9 |  9.6
Conjurations   | 5 6 7 8 10 11 13 15 | 15.4
Stealth        | |  3.0
Spellcasting   | |  2.0

Action                   |  1- 3 |  4- 6 |  7- 9 | 10-12 || total
-------------------------+-------+-------+-------+-------++-------
Melee: Unarmed           |    16 |     8 |       |       ||    24
       Morningstar       |       |       |    54 |    37 ||    91
       Staff             |       |       |       |     6 ||     6
       Double sword      |       |       |       |    14 ||    14
 Cast: Magic Dart        |    17 |   101 |    54 |    26 ||   198
       Searing Ray       |     2 |     4 |    34 |    98 ||   138
       Orb of Destructio |       |       |       |     8 ||     8
       Iskenderun's Myst |       |       |       |     1 ||     1
 Abil: Spit Poison       |     7 |    18 |    16 |    18 ||    59
  Use: Potion            |       |     1 |       |     3 ||     4
       Scroll            |       |       |     4 |    21 ||    25
 Stab: Sleeping          |       |       |     1 |       ||     1
Armor: Robe              |     8 |     7 |    42 |    75 ||   132
Dodge: Dodged            |    21 |    19 |    83 |   143 ||   266
       Rpst.: Double sword |       |       |       |     7 ||     7

Table legend: (Time is in decaauts)
 A = Elapsed time spent in this place.
 B = Non-inter-level travel time spent in this place.
 C = Inter-level travel time spent in this place.
 D = Time resting spent in this place.
 E = Time spent auto-exploring this place.
 F = Levels seen in this place.
 G = Mean time per level.
                   A        B        C        D        E       F      G
               +--------+--------+--------+--------+--------+-----+--------+
         Total |  12987 |  12551 |    436 |    833 |   9769 |  13 |  999.0 |
       Dungeon |  12945 |  12520 |    425 |    833 |   9743 |  12 | 1078.8 |
        Temple |     42 |     31 |     11 |      0 |     26 |   1 |   42.0 |
               +--------+--------+--------+--------+--------+-----+--------+

Top non-repeatable levels by time:
     D:6: 2011 daAuts
    D:11: 1738 daAuts
    D:10: 1497 daAuts
     D:8: 1378 daAuts
     D:9: 1232 daAuts
     D:4: 1166 daAuts
     D:3: 1140 daAuts
     D:7: 1028 daAuts
     D:5: 975 daAuts
     D:2: 668 daAuts
    D:12: 105 daAuts
  Temple: 42 daAuts
     D:1: 2 daAuts
